 Dungeon Crawl Stone Soup version 0.29.1-12-g30fa7ad0bf (webtiles) character file.

Game seed: 10987941161904787001

1 hawla the Firebug (level 1, 0/14 HPs)
             Began as a Meteoran Fire Elementalist on Dec 28, 2022.
             Slain by a bat (1 damage)
             ... on level 2 of the Dungeon.
             The game lasted 00:00:30 (40 turns).

hawla the Firebug (Meteoran Fire Elementalist)        Turns: 40, Time: 00:00:30

Health: 0/14       AC:  2    Str:  9    XL:     1   Next: 28%
Magic:  4/5        EV: 12    Int: 16    God:
Gold:   0          SH:  0    Dex: 14    Spells: 4/5 levels left

rFire   . . .      SeeInvis .   (no weapon)
rCold   . . .      Faith    .   (no shield)
rNeg    . . .      Spirit   .   a - +0 robe
rPois   .          Reflect  .   (no helmet)
rElec   .          Harm     .   (no cloak)
rCorr   .          Rampage  .   (no gloves)
Will    .....                   (no boots)
Stlth   +.........              (no amulet)
HPRegen 0.04/turn               (no ring)
MPRegen 0.09/turn               (no ring)

@: glowing
A: sense surroundings 1, otherworldly, glowing, explore regen
a: no special abilities


You were on level 2 of the Dungeon.
You visited 1 branch of the dungeon, and saw 2 of its levels.

Inventory:

Armour
 a - a +0 robe (worn)
Potions
 b - a potion of magic


   Skills:
 + Level 2.4 Dodging
 - Level 1.4 Stealth
 + Level 2.6 Spellcasting
 + Level 1.5 Conjurations
 + Level 3.6 Fire Magic


You had 4 spell levels left.
You knew the following spells:

 Your Spells              Type           Power      Damage    Failure   Level
a - Foxfire               Conj/Fire      40%        2x1d6     7%          1

Your spell library contained the following spells:

 Spells                   Type           Power      Damage    Failure   Level
 Scorch                   Fire           26%        2d6       7%          2
 Conjure Flame            Conj/Fire      10%        6-21      21%         3
 Inner Flame              Hex/Fire       7%         N/A       28%         3
 Flame Wave               Conj/Fire      10%        2d6       56%         4


Dungeon Overview and Level Annotations

Branches:
Dungeon (2/15) Zot: 1160

Altars:


Innate Abilities, Weirdness & Mutations

You passively map a small area around you.
You are easily found by Zot.
You glow in the dark.
You regain HP and MP as you explore.


Message History

* * * LOW HITPOINT WARNING * * *
The bat closely misses you.
Your foxfire dissipates!
The bat hits you.
* * * LOW HITPOINT WARNING * * *
The bat closely misses you. The endoplasm attacks as you move away!
The endoplasm barely misses you. The bat hits you but does no damage.
Your magical contamination has completely faded away.
The bat completely misses you. The bat hits you but does no damage.
The bat attacks as you move away! The bat completely misses you.
The bat hits you but does no damage. The bat closely misses you.
The bat attacks as you move away! The bat closely misses you. The bat hits you.
* * * LOW HITPOINT WARNING * * *
The bat hits you but does no damage.
The bat hits the bush but does no damage. x3
The bat closely misses you. The bat hits you.
* * * LOW HITPOINT WARNING * * *
The bat hits you but does no damage. The bat attacks as you move away!
The bat closely misses you.
The bat hits the bush but does no damage.
The bat closely misses you.
The bat hits the bush but does no damage. x2
The bat hits something but does no damage.
The bat completely misses you.
The bat hits something but does no damage.
The bat hits you.
* * * LOW HITPOINT WARNING * * *
The bat hits you but does no damage. The bat barely misses you. x2
The bat hits you but does no damage. The bat attacks as you move away!
The bat hits you.
* * * LOW HITPOINT WARNING * * *
The bat misses you. The bat hits you but does no damage.
The bat attacks as you move away! The bat hits you but does no damage.
The bat closely misses you. x2
The bat attacks as you move away! The bat hits you.
You die...

,.....♣♣.♣♣.....#
,,*###*♣♣♣.♣♣♣♣...#
♣♣PP.PP♣♣ ..#
♣PP...PP♣ ,.#
###♣♣P..r..P♣♣..#
........⌠.......#
###♣♣P.....P♣♣#.#
♣PP...PP♣♣#.#
♣♣PPJPP♣♣#@.#
♣♣♣.♣♣♣♣bb##
♣.♣♣#..## #.....##
#######


You could see 2 bats.

Vanquished Creatures
  A goblin (D:2)
1 creature vanquished.

Vanquished Creatures (others)
  2 foxfires (D:2)
2 creatures vanquished.

Grand Total: 3 creatures vanquished

Notes
Turn   | Place    | Note
-------+----------+-------------------------------------------
     0 | D:1      | hawla the Meteoran Fire Elementalist began the quest for
                  | the Orb.
     0 | D:1      | Reached XP level 1. HP: 14/14 MP: 5/5
    40 | D:2      | Slain by a bat

Illustrated notes

Levels and vault maps discovered:
D:1:      amcnicky_arrival_flooded_fountain, layout_rooms,
          ebering_ecumenical_altar_sacrificial, nrook_loot_triangle
D:2:      layout_rooms, basic_altar, serial_forest,
          infiniplex_forest_clump_small, infiniplex_forest_end_1,
          infiniplex_forest_zigzag_1, infiniplex_forest_end_2,
          infiniplex_forest_fountain, infiniplex_forest_straight_2,
          infiniplex_forest_lined_corner, infiniplex_forest_clump_C,
          infiniplex_forest_lined_1, uniq_sigmund

Action                   || total
-------------------------++-------
Melee: Unarmed           ||     2
 Cast: Foxfire           ||     2
Armor: Robe              ||    16
Dodge: Dodged            ||    23
